 Dungeon Crawl Stone Soup version 0.29.1-1-gd02db6906a (webtiles) character file.

Game seed: 5683620387190259785

186 Ashen the Chiller (level 5, -1/37 HPs)
             Began as a Demonspawn Ice Elementalist on Oct 3, 2022.
             Killed by divine providence
             ... invoked by an orc priest
              (15 damage)
             ... on level 4 of the Dungeon.
             The game lasted 00:06:09 (3885 turns).

Ashen the Chiller (Demonspawn Ice Elementalist)     Turns: 3885, Time: 00:06:10

Health: -1/37      AC:  9    Str:  8    XL:     5   Next: 38%
Magic:  9/9        EV: 12    Int: 18    God:
Gold:   219        SH:  4    Dex: 14    Spells: 3/10 levels left

rFire   . . .      SeeInvis .   f - +2 short sword (venom)
rCold   . . .      Faith    .   (no shield)
rNeg    . . .      Spirit   .   c - +0 leather armour
rPois   .          Reflect  .   m - +0 helmet
rElec   .          Harm     .   s - +0 cloak
rCorr   +          Rampage  .   (no gloves)
Will    .....                   (no boots)
Stlth   ++........              (no amulet)
HPRegen 0.12/turn               i - +4 ring of protection
MPRegen 0.11/turn               h - ring of resist corrosion

@: no status effects
A: claws 1, foul stench 1, condensation shield
a: no special abilities


You were on level 4 of the Dungeon.
You visited 2 branches of the dungeon, and saw 5 of its levels.

You collected 219 gold pieces.

Inventory:

Hand Weapons
 f - a +2 short sword of venom (weapon)
Armour
 c - a +0 leather armour (worn)
 m - a +0 helmet (worn)
 s - a +0 cloak (worn)
Jewellery
 h - a ring of resist corrosion (right claw)
 i - a +4 ring of protection (left claw)
 j - a ring of poison resistance
Scrolls
 d - a scroll of blinking {unknown}
 k - a scroll of poison {unknown}
 l - a scroll of enchant weapon {unknown}
 n - 2 scrolls of teleportation {unknown}
 q - 3 scrolls of summoning {unknown}
Potions
 a - 2 potions of invisibility {unknown}
 b - 4 potions of magic
 e - a potion of mutation {unknown}
 g - 2 potions of curing {unknown}
 o - a potion of heal wounds {unknown}
 p - a potion of ambrosia {unknown}
 r - 2 potions of attraction {unknown}
 t - 2 potions of degeneration {unknown}
 u - a potion of might {unknown}


   Skills:
 + Level 1.4 Fighting
 + Level 2.5 Dodging
 + Level 2.4 Stealth
 * Level 3.2 Spellcasting
 * Level 4.5 Ice Magic


You had 3 spell levels left.
You knew the following spells:

 Your Spells              Type           Power      Damage    Failure   Level
a - Freeze                Ice            76%        1d9       3%          1
b - Frozen Ramparts       Ice            38%        1d6       11%         3
c - Ozocubu's Armour      Ice            19%        N/A       11%         3

Your spell library contained the following spells:

 Spells                   Type           Power      Damage    Failure   Level
 Blink                    Tloc           4%         N/A       34%         2
 Confusing Touch          Hex            2%         N/A       56%         3
 Ignite Poison            Fire/Tmut/Pois 2%         N/A       56%         3
 Mephitic Cloud           Conj/Pois/Air  2%         N/A       56%         3
 Hailstorm                Conj/Ice       11%        3d5       65%         4
 Freezing Cloud           Conj/Ice/Air   4%         6-21      98%         5
 Manifold Assault         Tloc           2%         N/A       100%        5
 Yara's Violent Unravell  Hex/Tmut       1%         3d3       100%        5
 Enfeeble                 Hex            1%         N/A       100%        7
 Storm Form               Tmut/Air       1%         N/A       100%        7


Dungeon Overview and Level Annotations

Branches:
Dungeon (4/15)             Temple (1/1) D:4

Altars:
Ashenzari
Cheibriados
Dithmenos
Gozag
Hepliaklqana
Makhleb
Nemelex Xobeh
Okawaru
Qazlal
Ru
Trog
Xom
Yredelemnul

Shops:
D:2 *((?


Innate Abilities, Weirdness & Mutations

You have sharp fingernails.
You may rarely emit foul miasma when damaged in melee.
A meltable shield of frost defends you. (SH +4)


Message History

There is an open gate here.
There is a large open door here.
There is a large open door here.
You open the large door.
Found a snail-covered altar of Cheibriados.
There is a large open door here.
Done exploring.
Done exploring.
Done exploring.
Done exploring.
Search for what [Enter for "."]?
Okay, then.
There is a large open door here.
There is a large open door here.
There is a sacrificial altar of Ru here.
There is a large open door here.
There is a large open door here.
There is a large open door here.
There is a large open door here.
There is a staircase back to the Dungeon here.
You climb upwards.
Welcome back to the Dungeon!
There is a staircase to the Ecumenical Temple here.
There is a dry fountain here.
Found an opulent altar of Gozag.
You now have 204 gold pieces (gained 10).
You now have 219 gold pieces (gained 15).
An orc priest and 2 orcs come into view.
An orc is wielding a +2 mace of holy wrath.
Found a stone staircase leading down.
The orc priest shouts!
The orc shouts!
The orc priest invokes the aid of Beogh against you.
Beogh smites you!
There are monsters nearby!
The orc priest invokes the aid of Beogh against you.
Beogh smites you!
The orc shouts!
There is an opulent altar of Gozag here.
The orc priest mumbles some strange prayers to Beogh against you.
Beogh smites you!
You die...

#.. #.# ###
#.# #.#
#.#######.#
#.........#
#.######..#
##.# #..#
###..#
#..####
#.@.##
#.....#
#.###
#.###.#
###.### #.#
#.# #.....#
# #.# #.#
#.#.###
.#..# #.#
#..o..#
#...# #.#
###.#.#
...## #.###
#..o..# #.#
#.##.
####.###o###
#.# #.##.


You could see an orc priest and an orc.

Vanquished Creatures
  A scorpion (D:4)
  An orc priest (D:3)
  An adder (D:3)
  An ufetubus (D:4)
  A worm (D:3)
  A dart slug (D:2)
  4 orcs (D:3)
  8 ball pythons
  9 endoplasms
  6 giant cockroaches
  8 goblins
  6 hobgoblins
  3 jackals (D:1)
  5 kobolds (D:1)
  4 quokkas
  4 bats
  3 frilled lizards
  3 rats
69 creatures vanquished.

Vanquished Creatures (others)
  17 plants (D:1)
17 creatures vanquished.

Grand Total: 86 creatures vanquished

Notes
Turn   | Place    | Note
-------+----------+-------------------------------------------
     0 | D:1      | Ashen the Demonspawn Ice Elementalist began the quest for
                  | the Orb.
     0 | D:1      | Reached XP level 1. HP: 13/13 MP: 3/3
   487 | D:1      | Gained mutation: A meltable shield of frost defends you.
                  | (SH +4) [demonic ancestry]
   487 | D:1      | Reached XP level 2. HP: 11/20 MP: 3/5
  1416 | D:2      | Reached XP level 3. HP: 25/25 MP: 6/6
  1502 | D:2      | Reached skill level 4 in Ice Magic
  1524 | D:2      | Found Hiveemih's Magic Scroll Shoppe.
  1895 | D:2      | Found Puat's Antique Weapon Emporium.
  1904 | D:2      | Found Jesh's General Store.
  1906 | D:2      | Found Taoxuyr's Weapon Shop.
  2027 | D:2      | Learned a level 3 spell: Frozen Ramparts
  2031 | D:2      | Learned a level 3 spell: Ozocubu's Armour
  2200 | D:3      | Found a faded altar of an unknown god.
  2337 | D:3      | Gained mutation: You may rarely emit foul miasma when
                  | damaged in melee. [demonic ancestry]
  2337 | D:3      | Reached XP level 4. HP: 31/31 MP: 8/8
  2409 | D:3      | Reached skill level 1 in Fighting
  3291 | D:4      | Found a hazy altar of Hepliaklqana.
  3486 | D:4      | Noticed a scorpion
  3494 | D:4      | Killed a scorpion
  3495 | D:4      | Gained mutation: You have sharp fingernails. [demonic
                  | ancestry]
  3495 | D:4      | Reached XP level 5. HP: 37/37 MP: 6/9
  3533 | D:4      | Found a staircase to the Ecumenical Temple.
  3594 | Temple   | Entered the Ecumenical Temple
  3859 | D:4      | Found an opulent altar of Gozag.
  3885 | D:4      | Killed from afar by an orc priest

Illustrated notes

Levels and vault maps discovered:
D:1:      dpeg_arrival_lava_temple_mockup, layout_loops_ring, serial_bayou,
          serial_bayou_pond_d, serial_bayou_crossing, serial_bayou_ford_a,
          serial_bayou_pond_c, hangedman_glass_teeth
D:2:      layout_rooms, serial_shops, nicolae_shop_stone,
          nicolae_shop_competitors_out_of_business,
          nicolae_shop_overgrown_old_shop, nicolae_shop_stone
D:3:      layout_loops_corners, ebering_ecumenical_altar_webs,
          kennysheep_small_spiral, minmay_checkerbox
D:4:      layout_loops_ring, nicolae_gozag_cash_rules_everything_around_me,
          nicolae_wu_jian_immortal_techniques, palyth_temple_overflow_mages,
          nicolae_hepliaklqana_hazy_memory, minmay_temple_entry_nine_rooms
Temple:   grunt_temple_mini_profane

Skill      XL: |  1  2  3  4 |
---------------+-------------+-----
Dodging        | 2 |  2.5
Ice Magic      | 4 |  4.5
Stealth        | 2 |  2.4
Fighting       | 1 |  1.4
Spellcasting   | 3 |  3.2

Action                   |  1- 3 |  4- 6 || total
-------------------------+-------+-------++-------
Melee: Unarmed           |    10 |       ||    10
       Short sword       |    83 |    27 ||   110
 Cast: Freeze            |    18 |     3 ||    21
       Frozen Ramparts   |       |     2 ||     2
 Stab: Sleeping          |     5 |     2 ||     7
Armor: Leather armour    |    36 |    11 ||    47
Dodge: Dodged            |    49 |    12 ||    61
Block: Other             |    11 |     5 ||    16
